 Dungeon Crawl Stone Soup version 0.28-a0-247-gb8bfbab023 (webtiles) character file.

Game seed: 12605914830030265284

163 theanonym the Magician (level 5, -3/38 HPs)
             Began as a Mummy Enchanter on Aug 25, 2021.
             Killed by divine providence
             ... invoked by an orc priest
              (12 damage)
             ... on level 3 of the Dungeon.
             The game lasted 00:05:27 (2972 turns).

theanonym the Magician (Mummy Enchanter)            Turns: 2972, Time: 00:05:28

Health: -3/38      AC:  4    Str: 11    XL:     5   Next: 20%
Magic:  4/11       EV: 11    Int: 15    God:
Gold:   209        SH:  0    Dex: 13    Spells: 4/12 levels left

rFire   . . .      SeeInvis .   a - +5 dagger (freeze)
rCold   + + .      Faith    .   (no shield)
rNeg    + + +      Spirit   .   h - +1 leather armour
rPois   ∞          Reflect  .   (no helmet)
rElec   .          Harm     .   c - scarf {rC+ rF+}
rCorr   .          Rampage  .   (no gloves)
Will    .....                   (no boots)
Stlth   ++........              (no amulet)
HPRegen 0.12/turn               (no ring)
MPRegen 0.12/turn               (no ring)

@: no status effects
A: cold resistance 1, negative energy resistance 3, torment resistance 2, heat
vulnerability 1, no potions
a: no special abilities


Innate Abilities, Weirdness & Mutations

You are immune to poison.
Your flesh is cold resistant. (rC+)
You are immune to negative energy. (rN+++)
You are immune to unholy pain and torment.
You are vulnerable to heat. (rF-)
You do not drink.


   Skills:
 + Level 2.2 Fighting
 + Level 2.1 Short Blades
 - Level 1.5 Dodging
 - Level 2.4 Stealth
 + Level 4.0 Spellcasting
 + Level 3.5 Hexes


You had 4 spell levels left.
You knew the following spells:

 Your Spells              Type           Power      Damage    Failure   Level
a - Ensorcelled Hibernat  Hex/Ice        16%        N/A       17%         2
b - Confusing Touch       Hex            13%        N/A       17%         3
c - Tukima's Dance        Hex            13%        N/A       17%         3

Your spell library contained the following spells:

 Spells                   Type           Power      Damage    Failure   Level
 Dazzling Flash           Conj/Hex       16%        N/A       34%         3

Skill      XL: |  1  2  3  4  5 |
---------------+----------------+-----
Short Blades   | 1 2 |  2.1
Spellcasting   | 3 4 |  4.0
Fighting       | 1 2 |  2.2
Hexes          | 3 |  3.5
Dodging        | |  1.5
Stealth        | |  2.4

Action                   |  1- 3 |  4- 6 || total
-------------------------+-------+-------++-------
Melee: Dagger            |    58 |    18 ||    76
       Short sword       |    71 |    95 ||   166
 Cast: Ensorcelled Hiber |     7 |    12 ||    19
       Confusing Touch   |     1 |     3 ||     4
  Use: Scroll            |       |     6 ||     6
 Stab: Sleeping          |     8 |     6 ||    14
       Confused          |     1 |     1 ||     2
Armor: Robe              |     6 |       ||     6
       Leather armour    |    24 |    20 ||    44
Dodge: Dodged            |    68 |    62 ||   130

Inventory:

Hand Weapons
 a - a +5 dagger of freezing (weapon)
 b - a +0 rapier
Armour
 c - a scarf of resistance (worn)
 h - a +1 leather armour (worn)
Scrolls
 d - a scroll of brand weapon


You were on level 3 of the Dungeon.
You visited 1 branch of the dungeon, and saw 3 of its levels.

You collected 209 gold pieces.

Dungeon Overview and Level Annotations

Branches:
Dungeon (3/15)

Altars:

*,*
*,**,,.....********#r#*****
*,*
*,****#...,,,,,,..##.#*,,,,
*,* *,*
#..#******#.##.#*,,*, ***,*
*,* #..# #.##r#*_,,,
,**,*##.#####<.#
#.##o#*,,*,
,,,,,..........#
#.##o#*,,,,
,**,*##.#####.##
#.##g#***** ,,,,,,,,*
#.#########.##)#*,*
,,,,,,,,*
#...@.o..og.##.#*,*
,,,,,,,,*
###########.##.##.###
,,,,,,,,* #..g.....>.
,,,,,,,,* #.#########
,,,,,,,,* #.# * ,,,,,,,,*
#.# * ,*,****,* #.# * ,*,*
**,* #.#*** ,,,***,,*
#..,,*


You could see an orc priest (inner flame), an orc (inner flame) and a goblin.

Notes
Turn   | Place    | Note
-------+----------+-------------------------------------------
     0 | D:1      | theanonym the Mummy Enchanter began the quest for the Orb.
     0 | D:1      | Reached XP level 1. HP: 13/13 MP: 4/4
    11 | D:1      | HP: 6/13 [hobgoblin (2)]
   335 | D:1      | Found a faded altar of an unknown god.
   380 | D:1      | Reached skill level 1 in Short Blades
   533 | D:1      | Reached XP level 2. HP: 20/20 MP: 5/5
   546 | D:1      | Reached skill level 3 in Spellcasting
  1004 | D:1      | Reached skill level 1 in Fighting
  1095 | D:1      | Learned a level 2 spell: Ensorcelled Hibernation
  1265 | D:2      | Reached skill level 3 in Hexes
  1293 | D:2      | HP: 10/21 [worm (11)]
  1310 | D:2      | Reached XP level 3. HP: 22/26 MP: 3/7
  1402 | D:2      | Learned a level 3 spell: Confusing Touch
  1410 | D:2      | HP: 12/26 [adder (4)]
  2047 | D:2      | Reached XP level 4. HP: 20/32 MP: 3/9
  2245 | D:2      | HP: 16/33 [goblin (3)]
  2261 | D:2      | HP: 16/33 [dart slug (2)]
  2476 | D:2      | HP: 14/33 [adder (3)]
  2675 | D:2      | Learned a level 3 spell: Tukima's Dance
  2934 | D:3      | Reached skill level 2 in Fighting
  2934 | D:3      | Reached skill level 2 in Short Blades
  2942 | D:3      | Reached XP level 5. HP: 38/38 MP: 3/10
  2955 | D:3      | Reached skill level 4 in Spellcasting
  2956 | D:3      | HP: 8/38 [orc priest/divine providence (13)]
  2961 | D:3      | HP: 8/38 [orc (1)]
  2972 | D:3      | Killed from afar by an orc priest

Vanquished Creatures
  An orc priest (D:3)
  An orc wizard (D:3)
  5 adders (D:2)
  2 worms (D:2)
  2 dart slugs (D:2)
  2 orcs (D:3)
  6 ball pythons
  2 endoplasms
  A giant cockroach (D:2)
  4 goblins
  8 hobgoblins
  2 jackals (D:2)
  2 quokkas (D:2)
  A bat (D:2)
  2 frilled lizards (D:2)
  8 kobolds
  5 rats
54 creatures vanquished.

Table legend: (Time is in decaauts)
 A = Elapsed time spent in this place.
 B = Non-inter-level travel time spent in this place.
 C = Inter-level travel time spent in this place.
 D = Time resting spent in this place.
 E = Time spent auto-exploring this place.
 F = Levels seen in this place.
 G = Mean time per level.
                   A        B        C        D        E       F      G
               +--------+--------+--------+--------+--------+-----+--------+
         Total |   2969 |   2886 |     83 |    887 |   1470 |   3 |  989.7 |
       Dungeon |   2969 |   2886 |     83 |    887 |   1470 |   3 |  989.7 |
               +--------+--------+--------+--------+--------+-----+--------+

Top non-repeatable levels by time:
     D:2: 1727 daAuts
     D:1: 1179 daAuts
     D:3: 63 daAuts
